 Dungeon Crawl Stone Soup version 0.29.1-15-g9cfb28693d (webtiles) character file.

Game seed: 1111097288532622380

135 Smoke131 the Trooper (level 5, 0/54 HPs)
             Began as an Ogre Gladiator on Feb 28, 2023.
             Killed from afar by Natasha (6 damage)
             ... with a magic dart
             ... on level 4 of the Dungeon.
             The game lasted 00:05:20 (3449 turns).

Smoke131 the Trooper (Ogre Gladiator)               Turns: 3449, Time: 00:05:21

Health: 0/54       AC:  3    Str: 20    XL:     5   Next: 18%
Magic:  5/5        EV: 10    Int:  9    God:
Gold:   151        SH:  0    Dex: 10    Spells: 4/4 levels left

rFire   . . .      SeeInvis .   a - +0 war axe (vamp)
rCold   . . .      Faith    .   (no shield)
rNeg    . . .      Spirit   .   b - +0 robe
rPois   .          Reflect  .   c - +0 hat
rElec   .          Harm     .   (no cloak)
rCorr   .          Rampage  .   (gloves unavailable)
Will    .....                   (boots unavailable)
Stlth   +.........              (no amulet)
HPRegen 0.18/turn               (no ring)
MPRegen 0.09/turn               (no ring)

@: slowed, very slow
A: large, unfitting armour, tough skin 1
a: no special abilities


You were on level 4 of the Dungeon.
You visited 1 branch of the dungeon, and saw 4 of its levels.

You collected 151 gold pieces.

Inventory:

Hand Weapons
 a - a +0 vampiric war axe (weapon)
Missiles
 d - 3 throwing nets (quivered)
 e - a large rock
 v - 47 stones
 w - 4 javelins
Armour
 b - a +0 robe (worn)
 c - a +0 hat (worn)
Scrolls
 g - a scroll of poison
 j - a scroll of teleportation
 n - a scroll of magic mapping
 r - a scroll of identify {unknown}
 s - a scroll of summoning {unknown}
Potions
 f - a potion of degeneration {unknown}
 i - a potion of lignification {unknown}
 m - 2 potions of magic {unknown}
 o - 2 potions of might {unknown}
 t - 2 potions of curing {unknown}
 u - a potion of brilliance {unknown}


   Skills:
 + Level 4.0 Fighting
 + Level 3.8 Axes
 + Level 3.0 Throwing
 + Level 1.5 Armour
 - Level 3.0 Dodging


You had 4 spell levels left.
You didn't know any spells.
Your spell library contained the following spells:

 Spells                   Type           Power      Damage    Failure   Level
 Gell's Gravitas          Tloc           0%         N/A       77%         3
 Teleport Other           Tloc           0%         N/A       77%         3
 Dispersal                Tloc           0%         N/A       100%        6


Dungeon Overview and Level Annotations

Branches:
Dungeon (4/15)
 Temple: D:4-7

Altars:
Xom

Annotations:
D:4 Natasha


Innate Abilities, Weirdness & Mutations

You are too large for most types of armour.
You have tough skin. (AC +1)


Message History

a +0 club; a goblin corpse
There is a stone staircase leading down here.
Your hearing returns.
You open the door.
Found a whip.
Natasha, Servant of Life and Death comes into view.
Found a square jade amulet.
Natasha hisses angrily.
Natasha howls an incantation.
You feel disoriented.
There is an open door here.
Natasha casts a spell at you.
You feel yourself slow down. Natasha casts a spell at you.
The magic dart hits you! Natasha barely misses you.
You hit Natasha.
You feel better.
Natasha is lightly wounded.
Natasha casts a spell at you. You resist with some effort.
Natasha mumbles some strange words.
You closely miss Natasha.
Natasha is lightly wounded.
The crimson imp blinks!
Natasha claws you. Natasha barely misses you.
You hit Natasha but do no damage.
Natasha is lightly wounded.
Natasha claws you. Natasha claws you!
* * * LOW HITPOINT WARNING * * *
You barely miss Natasha.
Natasha is lightly wounded.
You hit the crimson imp. The crimson imp closely misses you. Natasha claws you!
* * * LOW HITPOINT WARNING * * *
Blink to where?
Press: ? - help, Dir - move target
As you read the scroll of blinking, it crumbles to dust.
The crimson imp blinks!
Natasha hisses.
A quokka comes into view.
Natasha casts a spell at you. The magic dart hits you.
You die...

,,* *,* **,*,* **,** **, ,,* *,*
*,#.# *,* *,, ,,* *,****,#.# *,*
*,, ,** *,,,,,,#.# *#+## *,< ,*
*******#.# ##...##**, ,****#####
#.# ##.....##** ,#.*,,...# ##.##
##.......##*
,....###.######...####.........#*
,........>......@....'h§§).....+,
,,....##)######...####.........#*
**.,,,*#.# ##.## ##.......##
*,*,**#<# #.# ##...."## *,*,**#.#
#.# ##...## *,*,,,..#
#.#*******#+## *,***####
#.r,,,,,* *,* *,* #.#****,*
*,****** *,* *,* *,***,*,,,,,


You could see Natasha and a quokka (wandering).

Vanquished Creatures
  A hound (D:3)
  2 adders (D:3)
  2 worms (D:2)
  2 dart slugs (D:2)
  5 orcs (D:3)
  4 ball pythons
  4 bats
  6 endoplasms
  A giant cockroach (D:1)
  7 goblins
  8 hobgoblins
  2 jackals (D:1)
  9 kobolds
  2 quokkas
  6 frilled lizards
  6 rats
67 creatures vanquished.

Notes
Turn   | Place    | Note
-------+----------+-------------------------------------------
     0 | D:1      | Smoke131 the Ogre Gladiator began the quest for the Orb.
     0 | D:1      | Reached XP level 1. HP: 22/22 MP: 1/1
    85 | D:1      | Reached XP level 2. HP: 21/29 MP: 2/2
   139 | D:1      | Reached skill level 3 in Fighting
   471 | D:1      | Reached XP level 3. HP: 37/37 MP: 3/3
  1252 | D:2      | Reached skill level 1 in Armour
  1541 | D:2      | Reached XP level 4. HP: 45/45 MP: 4/4
  2063 | D:3      | Found a shimmering altar of Xom.
  2064 | D:3      | Found a shimmering altar of Xom.
  2481 | D:3      | Found a shimmering altar of Xom.
  2547 | D:3      | Reached skill level 4 in Fighting
  2547 | D:3      | Reached XP level 5. HP: 51/54 MP: 5/5
  3440 | D:4      | Noticed Natasha
  3449 | D:4      | Killed from afar by Natasha

Illustrated notes

Levels and vault maps discovered:
D:1:      dpeg_arrival_fog, layout_basic
D:2:      layout_rooms
D:3:      layout_loops_cross, xom_redecorated, serial_co_window_serial,
          co_window_paths_a, co_window_corner_a, co_window_paths_a,
          co_window_paths_b, co_window_of_opportunity_a, co_window_corner_ca,
          co_window_paths_c, co_window_broadway_b, co_window_corner_cb,
          co_window_unsneaky_path_c, co_window_corner_b, co_window_paths_e,
          glass_columns_c, glass_columns_a, glass_columns_a, minmay_box_of_dots
D:4:      layout_loops_corners, lemuel_mausoleum_altar_yredelemnul,
          gammafunk_ghost_arena, gup_sewer_entry_bowl, kennysheep_small_square,
          uniq_pikel, uniq_grinder, uniq_menkaure, uniq_robin, uniq_edmund,
          uniq_natasha

Skill      XL: |  1  2  3  4 |
---------------+-------------+-----
Fighting       | 3 4 |  4.0
Dodging        | 3 |  3.0
Armour         | 1 |  1.5
Throwing       | 3 |  3.0
Axes           | |  3.8

Action                   |  1- 3 |  4- 6 || total
-------------------------+-------+-------++-------
Melee: War axe           |   105 |    75 ||   180
  Use: Scroll            |       |     9 ||     9
Armor: Robe              |    27 |    36 ||    63
Dodge: Dodged            |    71 |    54 ||   125
